 Dungeon Crawl Stone Soup version 0.24.0-125-gc4c63601f3 (webtiles) character file.

Game seed: 7677638188210960666, levelgen mode: deterministic

12 Iscandelvey the Vexing (level 2, 14/21 HPs)
             Began as a Demonspawn Arcane Marksman on Feb 18, 2020.
             Quit the game on level 1 of the Dungeon.
             The game lasted 00:00:18 (407 turns).

Iscandelvey the Vexing (Demonspawn Arcane Marksman)  Turns: 407, Time: 00:00:19

Health: 14/21      AC:  2    Str: 10    XL:     2   Next: 20%
Magic:  3/3        EV: 12    Int: 14    God:
Gold:   0          SH:  0    Dex: 13    Spells: 2/3 levels left

rFire    . . .     SeeInvis .   a - +0 hunting sling
rCold    . . .     Gourm    .   (no shield)
rNeg     . . .     Faith    .   e - +0 robe
rPois    .         Spirit   .   (no helmet)
rElec    .         Reflect  .   (no cloak)
rCorr    .         Harm     .   (no gloves)
MR       .....                  (no boots)
Stlth    +.........             (no amulet)
HPRegen  0.07/turn              (no ring)
MPRegen  0.08/turn              (no ring)

@: no status effects
A: rot immunity
a: no special abilities


You were on level 1 of the Dungeon.
You were not hungry.

You visited 1 branch of the dungeon, and saw 1 of its levels.

Inventory:

Hand Weapons
 a - a +0 hunting sling (weapon)
Missiles
 d - 8 sling bullets (quivered)
 h - 4 stones
Armour
 e - a +0 robe (worn)
Jewellery
 g - a +3 ring of evasion {unknown}
Potions
 b - a potion of degeneration {unknown}
 c - a potion of brilliance {unknown}
Comestibles
 f - 2 rations


   Skills:
 + Level 1.0 Fighting
 + Level 2.0 Slings
 + Level 2.1 Dodging
 + Level 1.0 Spellcasting
 + Level 3.2 Hexes


You had 2 spell levels left.
You knew the following spells:

 Your Spells              Type           Power        Failure   Level  Hunger
a - Corona                Hex            #......      7%          1    ##.....

Your spell library contained the following spells:

 Spells                   Type           Power        Failure   Level  Hunger
 Slow                     Hex            #.......     11%         2    ###....
 Inner Flame              Hex/Fire       #.......     38%         3    ####...
 Portal Projectile        Hex/Tloc       #.....       38%         3    ####...
 Cause Fear               Hex            #.........   56%         4    #####..
 Leda's Liquefaction      Hex/Erth       #.........   80%         4    #####..


Dungeon Overview and Level Annotations

Branches:
Dungeon (1/15)

Altars:


Innate Abilities, Weirdness & Mutations

You are immune to rotting.


Message History

Aim: an ooze (lightly wounded)
You shoot a sling bullet. The sling bullet hits the ooze.
The ooze is moderately wounded.
An ooze is nearby!
An ooze is nearby!
Firing (i - inventory. (/) - cycle)
d - 10 sling bullets (quivered)
Press: ? - help, Shift-Dir - straight line, f/p - ooze
Aim: an ooze (moderately wounded)
You shoot a sling bullet. The sling bullet hits the ooze.
The ooze is heavily wounded.
An ooze is nearby!
Firing (i - inventory. (/) - cycle)
d - 9 sling bullets (quivered)
Press: ? - help, Shift-Dir - straight line, f/p - ooze
Aim: an ooze (moderately wounded)
You shoot a sling bullet. The sling bullet hits the ooze!
You kill the ooze!
You have reached level 2!
Your demonic ancestry asserts itself...
You feel immune to rotting.
Are you sure you want to abandon this character and quit the game? (Confirm with "yes".)

#.#.≈##....###.###.####...####
#.##§§.###.....# #.# #...##..
.###.≈..##..#### #...##....#.#
##
#.≈#..##....######.##......#
#...##...........#.##.#.....
########.###.......##.##.###
....#.......##..÷÷÷..
.#.#.#.......######.#.
.#..(@.......##.....#.
###.........##.#####.
........[#...##.# #.
..((..#.#.###.##.#####.
..(....+.....#..........
.(.....#####.#.#.#.....#
.(..... .###.#.....# (...... [
........# ###.....)#


There were no monsters in sight!

Vanquished Creatures
  An ooze (D:1)
  A dart slug (D:1)
  2 bats (D:1)
  2 frilled lizards (D:1)
  A kobold (D:1)
  A rat (D:1)
8 creatures vanquished.

Notes
Turn   | Place    | Note
-------+----------+-------------------------------------------
     0 | D:1      | Iscandelvey the Demonspawn Arcane Marksman began the quest
                  | for the Orb.
     0 | D:1      | Reached XP level 1. HP: 15/15 MP: 2/2
   406 | D:1      | Gained mutation: You are immune to rotting. [demonic
                  | ancestry]
   406 | D:1      | Reached XP level 2. HP: 14/21 MP: 3/3
   407 | D:1      | Quit the game

Levels and vault maps discovered:
D:1:      dpeg_arrival_brainrot, layout_basic, lemuel_another_geyser

Skill      XL: |  1 |
---------------+----+-----
Slings         | 2 |  2.0
Dodging        | 2 |  2.1
Fighting       | |  1.0
Spellcasting   | |  1.0
Hexes          | |  3.2

Action                   || total
-------------------------++-------
 Fire: Hunting sling     ||    28
Armor: Robe              ||     4
Dodge: Dodged            ||    13
